 Dungeon Crawl Stone Soup version 0.20.0-10-g0535bb4 (webtiles) character file.

2454 Hook the Ruffian (level 9, -4/84 HPs)
             Began as a Troll Transmuter on June 6, 2017.
             Was an Initiate of Makhleb.
             Slain by a killer bee (7 damage)
             ... on level 8 of the Dungeon.
             The game lasted 00:23:42 (6608 turns).

Hook the Ruffian (Troll Transmuter)                 Turns: 6608, Time: 00:23:43

Health: -4/84      AC:  7    Str: 25    XL:     9   Next: 25%
Magic:  13/14      EV: 10    Int: 12    God:    Makhleb [......]
Gold:   301        SH:  0    Dex: 10    Spells: 9/16 levels left

rFire    . . .     SeeInvis .     - Unarmed
rCold    . . .     Gourm    +   (no shield)
rNeg     . . .     Faith    .   v - +2 robe {MR+}
rPois    .         Spirit   .   (helmet restricted)
rElec    .         Reflect  .   (no cloak)
rCorr    .         Harm     .   (gloves unavailable)
MR       +....                  (boots unavailable)
Stlth    +.........             (no amulet)
Regen    0.7/turn               (no ring)
MPRegen  0.2/turn               (no ring)

@: mighty, lethally poisoned (-4 -> -4), drained
A: unfitting armour, claws 3, horns 1, fast metabolism 3, gourmand, regeneration
1, shaggy fur 1, tough skin 2, evolution 1
a: Renounce Religion


You were on level 8 of the Dungeon.
You worshipped Makhleb.
Makhleb was noncommittal.
You were full.

You visited 2 branches of the dungeon, and saw 9 of its levels.

You collected 301 gold pieces.

Inventory:

Missiles
 a - 37 arrows
Armour
 b - a +1 robe
 v - a +2 robe of magic resistance (worn)
 w - a +2 robe of cold resistance
Jewellery
 C - an uncursed ring of positive energy {unknown}
Wands
 t - a wand of flame (40/48)
 D - a wand of paralysis (13/24)
Scrolls
 e - 6 scrolls of identify
 l - 4 scrolls of enchant armour
 q - 4 scrolls of remove curse
 y - 2 scrolls of immolation
 E - a scroll of noise
 F - a scroll of random uselessness
Potions
 f - a potion of might
 g - 3 potions of haste {unknown}
 i - 3 potions of lignification {unknown}
 j - a potion of mutation
 k - 2 potions of curing
 m - 2 potions of flight {unknown}
 o - a potion of cancellation {unknown}
 r - a potion of magic {unknown}
 s - 3 potions of degeneration {unknown}
 u - 4 potions of heal wounds {unknown}
 G - a potion of berserk rage {unknown}
Books
 c - a book of Changes

   Spells                             Type                      Level
   a - Beastly Appendage              Transmutation                1
   b - Sticks to Snakes               Transmutation                2
   c - Spider Form                    Transmutation/Poison         3
   d - Ice Form                       Ice/Transmutation            4
   e - Blade Hands                    Transmutation                5
 n - a book of Maledictions

   Spells                             Type                      Level
   a - Corona                         Hexes                        1
   b - Ensorcelled Hibernation        Hexes/Ice                    2
   c - Confuse                        Hexes                        3
   d - Tukima's Dance                 Hexes                        3
   e - Dazzling Spray                 Conjuration/Hexes            3
 A - a book of Geomancy

   Spells                             Type                      Level
   a - Sandblast                      Earth                        1
   b - Passwall                       Transmutation/Earth          2
   c - Stone Arrow                    Conjuration/Earth            3
   d - Petrify                        Transmutation/Earth          4
   e - Lee's Rapid Deconstruction     Earth                        5
Comestibles
 d - 8 bread rations
 h - 5 royal jellies
 p - 3 meat rations
 z - 4 fruits


   Skills:
 * Level 3.9(3.3) Fighting
 + Level 0.1(0.0) Throwing
 + Level 3.2(2.6) Dodging
 + Level 0.9(0.4) Stealth
 + Level 7.2(6.5) Unarmed Combat
 * Level 4.1(3.5) Spellcasting
 * Level 4.6(4.0) Transmutations


You had 9 spell levels left.
You knew the following spells:

 Your Spells              Type           Power        Failure   Level  Hunger
a - Beastly Appendage     Tmut           ##....       4%          1    #......
b - Sticks to Snakes      Tmut           ##......     6%          2    ##.....
c - Corona                Hex            #......      24%         1    #......
d - Spider Form           Tmut/Pois      #.........   30%         3    ###....


Dungeon Overview and Level Annotations

Branches:
Dungeon (8/15)             Temple (1/1) D:7
   Lair: D:8-11

Altars:
Ashenzari
Cheibriados
Elyvilon
Fedhas
Hepliaklqana
Kikubaaqudgha
Makhleb
Nemelex Xobeh
Okawaru
Qazlal
Sif Muna
Trog
Yredelemnul
Zin
The Shining One

Annotations:
D:6 krone's ghost, novice HaEn


Innate Abilities, Weirdness & Mutations

You are too large for most types of armour.
You have claws for hands.
Your metabolism is lightning-fast.
You like to eat raw meat.
Your natural rate of healing is unusually fast.
You are covered in fur. (AC +1)
You have very tough skin. (AC +2)
You have a pair of small horns on your head.
You evolve.


Message History

You are poisoned.
The killer bee poisons you!
You claw the orc!
You kill the orc!
Makhleb accepts your kill.
You feel sick. The killer bee stings you.
* * * LOW HITPOINT WARNING * * *
You feel sick.
The killer bee stings you but does no damage.
Items here: ! ))) [ †† Your horns shrink.
The killer bee stings you.
* * * LOW HITPOINT WARNING * * *
You are more poisoned.
The killer bee poisons you!
You miss the killer bee.
You feel sick. The killer bee stings you.
* * * LOW HITPOINT WARNING * * *
The killer bee misses you.
You closely miss the killer bee.
You feel sick. The killer bee stings you!
You die...

..,,..#* *,*****,*,*,***,*,,,***
*..,#O# *,* *..,,,,,,,*,,,,,,
*,.,#.# *,* *.#*,************
*,#.#.#****,* *.#*,* *,,*,,,
*,#.#(#,,,,,* *.#*,* *,,,,,,
**#.#)#****** *.#*,* *,,,,,,
*,#)# *.#*,* *,,*,,,
**,#(###########.##,* *,,*,,,
#*,,#.#)......Oy@..#,******,,,,,,
....#....#######........,,,,,,,,,
*#.......### #...#.###***,*****
#######...## #####,.# *,* #.#..#
*,,* *,* * ####.# *,,* *,* * #.#
**,** *,* ***** #.# *,,* **,*****
,,,,#######.#######,,* *,,,,,,,


You could see a two-headed ogre and a killer bee.

Vanquished Creatures
  A water moccasin (D:7)
  An ice beast (D:7)
  A sky beast (D:7)
  4 ogres
  2 bullfrogs
  3 scorpions
  8 wights (D:8)
  A howler monkey (D:5)
  4 crimson imps
  A quasit (D:8)
  Crazy Yiuf (D:4)
  3 hounds
  6 orc wizards
  A bullfrog skeleton (D:5)
  2 orc priests
  2 jellies
  Jessica (D:2)
  Natasha (thrice) (D:3)
  4 worker ants
  A killer bee zombie (D:6)
  A hound skeleton (D:5)
  A worker ant zombie (D:5)
  6 gnolls
  A howler monkey zombie (D:6)
  A howler monkey skeleton (D:3)
  10 adders
  3 shadow imps
  3 oozes
  An adder skeleton (D:4)
  A worm (D:4)
  4 dart slugs
  4 leopard geckos
  16 orcs
  8 giant cockroaches
  5 goblins
  8 hobgoblins
  10 jackals
  8 kobolds
  2 quokkas
  A ball python (D:5)
  12 bats
  7 frilled lizards
  A leopard gecko zombie (D:5)
  A quokka skeleton (D:6)
  15 rats
180 creatures vanquished.

Vanquished Creatures (collateral kills)
  An iguana (D:5)
  A gnoll (D:4)
  2 orcs (D:7)
  A jackal (D:4)
  A rat (D:2)
6 creatures vanquished.

Vanquished Creatures (others)
  A quokka (D:4)
1 creature vanquished.

Grand Total: 187 creatures vanquished

Notes
Turn   | Place    | Note
-------+----------+-------------------------------------------
     0 | D:1      | Hook the Troll Transmuter began the quest for the Orb.
     0 | D:1      | Reached XP level 1. HP: 18/18 MP: 1/1
   193 | D:1      | Reached XP level 2. HP: 25/26 MP: 2/2
   690 | D:1      | Reached XP level 3. HP: 32/32 MP: 4/4
  1074 | D:2      | Learned a level 2 spell: Sticks to Snakes
  1111 | D:2      | Found a glowing golden altar of the Shining One.
  1251 | D:2      | Reached skill level 4 in Unarmed Combat
  1251 | D:2      | Reached XP level 4. HP: 40/40 MP: 2/5
  1602 | D:2      | Noticed Jessica
  1610 | D:2      | Killed Jessica
  2042 | D:3      | Reached XP level 5. HP: 43/46 MP: 6/6
  2122 | D:3      | Noticed Natasha
  2127 | D:3      | Killed Natasha
  2127 | D:3      | Reached skill level 1 in Fighting
  2160 | D:3      | Noticed Natasha
  2162 | D:3      | Killed Natasha
  2365 | D:3      | Noticed Natasha
  2372 | D:3      | Killed Natasha
  2503 | D:3      | Reached XP level 6. HP: 26/55 MP: 6/8
  2726 | D:4      | Reached skill level 5 in Unarmed Combat
  2769 | D:4      | Found a white marble altar of Elyvilon.
  2884 | D:4      | Found an ancient bone altar of Kikubaaqudgha.
  3004 | D:4      | Found a runed door.
  3009 | D:4      | Noticed Crazy Yiuf
  3015 | D:4      | Killed Crazy Yiuf
  3225 | D:5      | Entered Level 5 of the Dungeon
  3256 | D:5      | Reached XP level 7. HP: 55/63 MP: 6/9
  3303 | D:5      | Found a sand-covered staircase.
  3883 | D:5      | Found a white marble altar of Elyvilon.
  3899 | D:5      | Found a deep blue altar of Sif Muna.
  3980 | D:5      | Reached XP level 8. HP: 74/74 MP: 9/11
  4315 | D:6      | Reached skill level 6 in Unarmed Combat
  4444 | D:6      | Learned a level 1 spell: Corona
  4446 | D:6      | Noticed krone's ghost (novice HaEn)
  5068 | D:7      | Found a stormy altar of Qazlal.
  5071 | D:7      | Noticed an air elemental
  5765 | D:7      | Found a staircase to the Ecumenical Temple.
  5978 | Temple   | Entered the Ecumenical Temple
  6051 | Temple   | Became a worshipper of Makhleb the Destroyer
  6220 | D:8      | Reached skill level 7 in Unarmed Combat
  6220 | D:8      | Reached XP level 9. HP: 81/84 MP: 9/13
  6225 | D:8      | Learned a level 3 spell: Spider Form
  6566 | D:8      | Noticed a two-headed ogre
  6596 | D:8      | Gained mutation: You have a pair of large horns on your head. [potion of mutation]
  6596 | D:8      | Gained mutation: You are resistant to electric shocks. (rElec) [potion of mutation]
  6596 | D:8      | Lost mutation: You are resistant to electric shocks. (rElec) [potion of mutation]
  6596 | D:8      | Gained mutation: You evolve. [potion of mutation]
  6607 | D:8      | HP: 4/84 [killer bee (3)]
  6608 | D:8      | Slain by a killer bee

Skill      XL: |  1  2  3  4  5  6  7  8  9 |
---------------+----------------------------+-----
Dodging        | 2 3 |  3.2
Unarmed Combat | 4 5 7 |  7.2
Transmutations | 2 3 4 |  4.6
Fighting       | 1 2 3 |  3.9
Spellcasting   | 2 3 4 |  4.1
Throwing       | |  0.1
Stealth        | |  0.9

Action                   |  1- 3 |  4- 6 |  7- 9 || total
-------------------------+-------+-------+-------++-------
Melee: Unarmed           |   115 |   137 |   263 ||   515
       Kick              |     2 |     8 |    15 ||    25
       Headbutt          |     1 |     3 |    25 ||    29
       Punch             |       |     2 |     5 ||     7
Throw: Javelin           |       |       |     4 ||     4
 Cast: Beastly Appendage |     6 |    20 |    34 ||    60
       Sticks to Snakes  |       |     9 |    20 ||    29
       Spider Form       |       |       |     1 ||     1
  Use: Scroll            |     3 |     5 |    11 ||    19
       Potion            |       |       |     3 ||     3
 Stab: Sleeping          |     2 |     1 |       ||     3
  Eat: Chunk             |    13 |    24 |    25 ||    62
       Meat ration       |       |       |     1 ||     1
Armor: Robe              |    60 |    47 |    66 ||   173
Dodge: Dodged            |    68 |    70 |   111 ||   249
